AoeStats
← XGTIROMlllX

Nomad

510665890Analyzed
3v3 RM · 18h ago on Oct 2, 2026· 44m 10s· 6 players
Game mode
Random Map
Map size
210×210
Population
200
Speed
Normal
Resources
Standard
Victory
Conquest
Starting age
Dark Age
Ending age
Imperial Age
RankedLock teamsTeams togetherTeam positionsShared explorationLock speedFull tech treeHidden civsTurbo modeCheats
Victory
Defeat
🇲🇽 Armenians · Mexico
1127
+13
🇲🇽 Huns · Mexico
1025
+17
🇲🇽 Britons · Mexico
918
+21
🇦🇷 Koreans · Argentina
1095
-19
🇦🇷 Britons · Argentina
1027
-16
🇦🇷 Franks · Argentina
1023
-16
XGTIROMlllX
10:52 Loom
16:56 Feudal Age
18:50 Double-Bit Axe
19:51 Wheelbarrow
19:22 Town Watch
25:10 Castle Age
23:27 Horse Collar
23:42 Gold Mining
23:42 Stone Mining
24:18 Scale Mail Armor
24:24 Scale Barding Armor
26:41 Medium Warships
28:18 Town Patrol
28:34 Hand Cart
28:47 Chain Mail Armor
28:52 Chain Barding Armor
29:30 Marauders
29:57 Bow Saw
29:49 Heavy Plow
30:31 Husbandry
32:16 Gold Shaft Mining
39:58 Imperial Age
39:59 Elite Tarkan
41:24 Plate Barding Armor
Pinoye12
5:06 Loom
15:19 Feudal Age
16:40 Fletching
19:50 Castle Age
20:47 Medium Warships
20:39 Bodkin Arrow
20:45 Double-Bit Axe
28:21 Horse Collar
29:48 Heavy Plow
30:55 Careening
33:02 Ballistics
34:03 Fervor
35:05 Clinker Construction
35:25 Siphons
36:54 Sanctity
36:43 Scale Mail Armor
38:43 Squires
40:33 Chain Mail Armor
41:24 Padded Archer Armor
42:41 Wheelbarrow
43:15 Leather Archer Armor
Machetekills135
11:40 Loom
14:33 Feudal Age
23:28 Castle Age
25:24 Fletching
26:31 Double-Bit Axe
36:52 Yeomen
44:34 Wheelbarrow
Monosy
11:01 Loom
14:58 Feudal Age
17:14 Double-Bit Axe
23:52 Wheelbarrow
28:37 Castle Age
29:26 Forging
29:23 Scale Barding Armor
32:25 Castle Age
39:18 Hand Cart
39:52 Iron Casting
KUKA TIRA PIEDRA
12:27 Loom
15:57 Feudal Age
16:32 Double-Bit Axe
18:12 Fishing Lines
21:17 Wheelbarrow
25:05 Castle Age
23:19 Fletching
25:53 Bodkin Arrow
26:12 Medium Warships
Patovich
16:06 Feudal Age
14:23 Loom
23:04 Fletching
23:52 Wheelbarrow
26:22 Castle Age
26:27 Double-Bit Axe
26:27 Horse Collar
26:49 Crossbowman
27:43 Bow Saw
28:10 Padded Archer Armor
33:48 Bodkin Arrow
41:11 Hand Cart
Connection lost

Rejoining the realm…

Still unreachable

The connection could not be restored.

Session expired

The server has moved on; the page needs a fresh start.